 Dungeon Crawl Stone Soup version 0.23-a0-310-gdcc7a32 (webtiles) character file.

48 Amnesiac the Digger (level 3, 14/14 HPs)
             Began as a Felid Earth Elementalist on Oct 13, 2018.
             Quit the game on level 4 of the Dungeon.
             The game lasted 00:06:03 (2479 turns).

Amnesiac the Digger (Felid Earth Elementalist)      Turns: 2479, Time: 00:06:03

Health: 14/14      AC:  1    Str:  4    XL:     3   Next: 50%
Magic:  7/7        EV: 18    Int: 17    God:
Gold:   132        SH:  0    Dex: 16    Spells: 0/6 levels left
                                        Lives:  0   Deaths: 1

rFire    . . .     SeeInvis +     - Unarmed
rCold    . . .     Gourm    .   (shield unavailable)
rNeg     . . .     Faith    .   (armour unavailable)
rPois    .         Spirit   .   (helmet unavailable)
rElec    .         Reflect  .   (cloak unavailable)
rCorr    .         Harm     .   (gloves unavailable)
MR       .....                  (boots unavailable)
Stlth    +++.......             (no amulet)
HPRegen  0.04/turn              (no ring)
MPRegen  0.10/turn              (no ring)

@: quick
A: very small, no armour, no weapons or thrown items, stealth, claws 1, fangs 3,
see invisible, carnivore, speed 1, shaggy fur 1, slow metabolism 1, sharp paws
a: no special abilities


You were on level 4 of the Dungeon.
You were not hungry.

You visited 1 branch of the dungeon, and saw 6 of its levels.

You collected 132 gold pieces.

Inventory:

Missiles
 b - 32 stones
Wands
 m - a wand of paralysis (6)
Scrolls
 h - a scroll of remove curse {!r}
 l - a scroll of teleportation {!r}
Potions
 e - 3 potions of curing {!q, unknown}
 g - a potion of brilliance {!q, unknown}
 k - a potion of lignification {!q}
Comestibles
 c - 5 rations
 i - 5 chunks of flesh


   Skills:
 - Level 2.6 Dodging
 - Level 3.0 Stealth
 + Level 2.6 Unarmed Combat
 - Level 2.0 Spellcasting
 + Level 2.1 Transmutations
 * Level 3.5 Earth Magic


You couldn't memorise any spells.
You knew the following spells:

 Your Spells              Type           Power        Failure   Level  Hunger
a - Sandblast             Erth           ##....       4%          1    #......
b - Passwall              Tmut/Erth      ##......     9%          2    ###....
e - Petrify               Tmut/Erth      ##......     52%         4    #####..

Your spell library contained the following spells:

 Spells                   Type           Power        Failure   Level  Hunger
 Stone Arrow              Conj/Erth      #.....       28%         3    ###....
 Lee's Rapid Deconstruct  Erth           ##........   77%         5    ######.


Dungeon Overview and Level Annotations

Branches:
Dungeon (6/15)
 Temple: D:4-7

Altars:
Hepliaklqana
Nemelex Xobeh
Wu Jian


Innate Abilities, Weirdness & Mutations

You cannot wear armour.
You are incapable of wielding weapons or throwing items.
Your paws allow you to move quietly. (Stealth)
You have sharp claws.
You have razor-sharp teeth.
You have supernaturally acute eyesight. (SInv)
You are carnivorous and can eat meat at any time.
You cover ground quickly.
You are covered in fur. (AC +1)
You have a slow metabolism.
Your sharp claws are effective at attacking unaware monsters.


Message History

Confirm with . or Enter, or press ? or * to list all spells.
Aiming: Sandblast (safe; 4% risk of failure)
Press: ? - help, Shift-Dir - straight line, f/p - orc wizard
Aim: an orc wizard, wielding a dagger of protection and wearing a robe The blast of sand hits the orc wizard.
The orc wizard is severely wounded.
b - 36 stones The orc closely misses you.
The orc wizard barely misses you.
Casting: Sandblast (safe; 4% risk of failure)
Confirm with . or Enter, or press ? or * to list all spells.
Aiming: Sandblast (safe; 4% risk of failure)
Press: ? - help, Shift-Dir - straight line, f/p - orc wizard
Aim: an orc wizard, wielding a dagger of protection and wearing a robe The blast of sand hits the orc wizard.
The orc wizard is severely wounded.
b - 35 stones The orc barely misses you.
Casting: Sandblast (safe; 4% risk of failure)
Confirm with . or Enter, or press ? or * to list all spells.
Aiming: Sandblast (safe; 4% risk of failure)
Press: ? - help, Shift-Dir - straight line, f/p - orc wizard
Aim: an orc wizard, wielding a dagger of protection and wearing a robe The blast of sand hits the orc wizard.
The orc wizard is severely wounded.
b - 34 stones The orc hits you but does no damage.
The orc wizard hits you with a dagger of protection.
Casting: Sandblast (safe; 4% risk of failure)
Confirm with . or Enter, or press ? or * to list all spells.
Aiming: Sandblast (safe; 4% risk of failure)
Press: ? - help, Shift-Dir - straight line, f/p - orc wizard
Aim: an orc wizard, wielding a dagger of protection and wearing a robe The blast of sand hits the orc wizard.
The orc wizard is severely wounded.
b - 33 stones The orc hits you but does no damage.
The orc hits you with a hand axe.
* * * LOW HITPOINT WARNING * * *
The orc wizard hits you with a dagger of protection.
* * * LOW HITPOINT WARNING * * *
Casting: Sandblast (safe; 4% risk of failure)
Confirm with . or Enter, or press ? or * to list all spells.
You don't have enough magic to cast that spell.
Casting: Sandblast (safe; 4% risk of failure)
Confirm with . or Enter, or press ? or * to list all spells.
You don't have enough magic to cast that spell.
The orc wizard mumbles some strange words.
The orc wizard seems to speed up.
Casting: Sandblast (safe; 4% risk of failure)
Confirm with . or Enter, or press ? or * to list all spells.
Okay, then.
Casting: Sandblast (safe; 4% risk of failure)
Confirm with . or Enter, or press ? or * to list all spells.
Aiming: Sandblast (safe; 4% risk of failure)
Press: ? - help, Shift-Dir - straight line, f/p - orc wizard
Aim: an orc wizard, wielding a dagger of protection and wearing a robe The blast of sand misses the orc wizard.
b - 32 stones The orc wizard gestures at you while chanting.
The magic dart hits you!
You die...
The orc misses you. x2; The orc wizard misses you.
You are now level 3!
You rejoin the land of the living...
Are you sure you want to abandon this character and quit the game? (Confirm

#.........##+####'###
#....................
#....................
#....................
#....................
#....................
####'##+#.#########..
#................#..
#..@.............#..
#................#..
#................#..
#................#..
#................#..
#................#..
#######...########..
#...###...# #...#รท.
#........#####...#..


There were no monsters in sight!

Vanquished Creatures
  A bullfrog skeleton (D:4)
  A worker ant (D:4)
  An adder skeleton (D:4)
  2 worms
  A dart slug (D:1)
  A leopard gecko (D:3)
  6 orcs
  5 goblins (D:1)
  A hobgoblin (D:2)
  4 kobolds
  A quokka (D:4)
  2 ball pythons (D:2)
  3 bats
  4 frilled lizards (D:2)
  A rat (D:1)
34 creatures vanquished.

Notes
Turn   | Place    | Note
-------+----------+-------------------------------------------
     0 | D:1      | Amnesiac the Felid Earth Elementalist began the quest for
                  | the Orb.
     0 | D:1      | Reached XP level 1. HP: 7/7 MP: 4/4
   188 | D:1      | Reached skill level 1 in Unarmed Combat
   467 | D:1      | Reached XP level 2. HP: 5/11 MP: 6/6
   471 | D:1      | Learned a level 2 spell: Passwall
   661 | D:2      | Found an ornate altar of the Wu Jian Council.
   870 | D:2      | Found a hazy altar of Hepliaklqana.
   955 | D:2      | Found a sparkling altar of Nemelex Xobeh.
  1606 | D:4      | Reached XP level 3. HP: 6/14 MP: 7/7
  1953 | D:4      | Reached XP level 4. HP: 10/18 MP: 2/8
  1959 | D:4      | Learned a level 4 spell: Petrify
  2025 | D:5      | Entered Level 5 of the Dungeon
  2033 | D:5      | Found a glowing drain.
  2077 | D:5      | Noticed a centaur
  2478 | D:4      | Killed from afar by an orc wizard
  2479 | D:4      | Reached XP level 3. HP: -1/14 MP: 0/7
  2479 | D:4      | Quit the game

Vault maps used:
D:1:      minmay_arrival_loop, nemelex_diamond_rough_becter
D:2:      lemuel_crystal_altar, old_standard_altar, nemelex_lonely_heart_becter
D:3:      chequers_temple_overflow_statue_of_worship
D:4:      st_stairs_12, grunt_ministairs_7
D:5:      led_sif_book, cheibrodos_sewer_entry_sluice, first_ration
D:6:      ashenzari_altar_1, overflow_temple_1_default, dk_noncrumbling_3,
          uniq_eustachio, uniq_pikel

Skill      XL: |  1  2  3 |
---------------+----------+-----
Unarmed Combat | 1 2 |  2.6
Stealth        | 3 |  3.0
Earth Magic    | 3 |  3.5
Transmutations | 2 |  2.1
Dodging        | |  2.6
Spellcasting   | |  2.0

Action                   |  1- 3 |  4- 6 || total
-------------------------+-------+-------++-------
Melee: Unarmed           |    96 |    22 ||   118
       Bite              |     6 |     2 ||     8
       Punch             |     1 |     1 ||     2
 Cast: Sandblast         |    23 |    16 ||    39
       Passwall          |     1 |       ||     1
  Use: Scroll            |       |     6 ||     6
 Stab: Sleeping          |     3 |       ||     3
       Distracted        |     1 |       ||     1
  Eat: Chunk             |    10 |     1 ||    11
Armor: Skin              |     3 |     3 ||     6
Dodge: Dodged            |    82 |    31 ||   113

Table legend:
 A = Non-vault XP
 B = Vault XP
 C = Vault XP percentage of total XP
 D = Non-vault monster count
 E = Vault monster count
 F = Vault count percentage of total count
                 A         B        C        D         E       F
            +---------+---------+-------+---------+---------+-------
      Total |      59 |      88 |  59.9 |      28 |       6 |  17.6
            +---------+---------+-------+---------+---------+-------
        D:1 |      18 |       0 |   0.0 |       9 |       0 |   0.0
        D:2 |      12 |       0 |   0.0 |       9 |       0 |   0.0
        D:3 |      10 |       0 |   0.0 |       4 |       0 |   0.0
        D:4 |      19 |      79 |  80.6 |       6 |       3 |  33.3
        D:5 |       0 |       9 | 100.0 |       0 |       3 | 100.0
            +---------+---------+-------+---------+---------+-------
